 Seeded DCSS version 0.28.0-62-gf88900778d (webtiles) character file.

Game seed: 17523942233111684044 (custom seed)

16594 cbfl8 the Cleaver (level 12, -2/138 HPs)
             Began as a Demonspawn Berserker on Sept 6, 2023.
             Was a High Priest of Trog.
             Slain by Jorgrun
             ... wielding a staff of earth
              (13 damage)
             ... on level 12 of the Dungeon.
             The game lasted 00:12:50 (11331 turns).

cbfl8 the Cleaver (Demonspawn Berserker)           Turns: 11331, Time: 00:12:50

Health: -2/138     AC: 17    Str: 23    XL:     12   Next: 11%
Magic:  12/12      EV:  7    Int: 14    God:    Trog [*****.]
Gold:   799        SH: 10    Dex: 16    Spells: 11/11 levels left

rFire   . . .      SeeInvis .   u - +4 broad axe (spect)
rCold   . . .      Faith    .   r - +0 kite shield
rNeg    . . .      Spirit   .   f - +2 chain mail {rPois}
rPois   +          Reflect  .   (helmet restricted)
rElec   .          Harm     .   (no cloak)
rCorr   .          Rampage  .   o - +2 pair of gloves
Will    +++++                   y - +0 pair of boots
Stlth   ..........              q - amulet of Vanity {rPois Will++ Regen+ Str-3}
HPRegen 1.13/turn               F - +6 ring of strength
MPRegen 0.13/turn               b - ring "Safego" {Contam +Blink Will+++ Int+6 Stlth-}

@: mighty, berserking, very quick
A: horns 1, foul stench 2, powered by pain 3
a: Renounce Religion, Evoke Blink, Berserk, Trog's Hand, Brothers in Arms


You were on level 12 of the Dungeon.
You worshipped Trog.
Trog was extremely pleased with you.
You visited 1 branch of the dungeon, and saw 12 of its levels.
You visited the Abyss 1 time.

You collected 859 gold pieces.
You spent 60 gold pieces at shops.

Inventory:

Hand Weapons
 a - a +0 hand axe of flaming
 u - a +4 spectral broad axe (weapon)
Missiles
 c - 6 throwing nets (quivered)
Armour
 f - a +2 chain mail of poison resistance (worn)
 o - a +2 pair of gloves (worn)
 p - the +2 pair of boots of Akeppud {+Blink rElec rC- Dex-5}
   (You acquired it on level 5 of the Dungeon)

   Dex:       It affects your dexterity (-5).
   rC:        It makes you vulnerable to cold.
   rElec:     It insulates you from electricity.
   +Blink:    It lets you blink.
 r - a +0 kite shield (worn)
 y - a +0 pair of boots (worn)
Jewellery
 b - the ring "Safego" (right hand) {Contam +Blink Will+++ Int+6 Stlth-}
   (You acquired it on level 5 of the Dungeon)

   [ring of intelligence]

   Int:       It affects your intelligence (+6).
   +Blink:    It lets you blink.
   Contam:    It causes magical contamination when unequipped.
   Will:      It greatly increases your willpower.
   Stlth:     It makes you less stealthy.
 h - a ring of protection from fire
 l - a +6 ring of dexterity
 q - the amulet of Vanity (around neck) {rPois Will++ Regen+ Str-3}
   (You acquired it on level 5 of the Dungeon)

   [amulet of regeneration]

   Str:       It affects your strength (-3).
   rPois:     It protects you from poison.
   Regen:     It increases your rate of health regeneration.
   Will:      It greatly increases your willpower.
 t - a ring of protection from cold
 F - a +6 ring of strength (left hand)
Wands
 d - a wand of digging (5)
 i - a wand of iceblast (7)
 w - a wand of acid (7)
 z - a wand of flame (26)
 H - a wand of polymorph (2)
Scrolls
 e - 4 scrolls of teleportation
 g - 2 scrolls of fog
 m - 2 scrolls of silence
 s - a scroll of fear
 A - a scroll of magic mapping
 B - 2 scrolls of identify
 C - a scroll of enchant armour
Potions
 j - a potion of mutation {unknown}
 k - 3 potions of might
 n - 2 potions of haste
 v - 2 potions of lignification
 x - 5 potions of flight
 D - 2 potions of curing
 E - a potion of heal wounds
 G - a potion of brilliance {unknown}


   Skills:
 + Level 8.0 Fighting
 + Level 11.6 Axes
 + Level 7.8 Armour
 - Level 1.7 Dodging
 * Level 6.7 Shields
 * Level 8.6 Evocations


You had 11 spell levels left.
You didn't know any spells.
Your spell library was empty.

Dungeon Overview and Level Annotations

Branches:
Dungeon (12/15)            Temple (0/1) D:7            Lair (0/6) D:10
    Orc (0/2) D:12

Altars:
Cheibriados
Dithmenos
Hepliaklqana
Okawaru
Ru
Trog
Vehumet

Shops:
D:3 !   D:6 :[   D:10 :   D:11 [   D:12 ([

Portals:
Abyss: D:12

Annotations:
D:4 2 transporters
D:12 2 transporters, Jorgrun; cbfl8's ghost, journeyman MiBe


Innate Abilities, Weirdness & Mutations

You have a pair of small horns on your head.
You sometimes emit foul miasma when damaged in melee.
You are powered by pain.


Message History

You feel very mighty all of a sudden.
Jorgrun is nearby!
You slice Jorgrun!! You headbutt Jorgrun.
Jorgrun is moderately wounded.
Jorgrun hits you but does no damage. Jorgrun shatters you!
You hit Jorgrun.
Jorgrun is moderately wounded.
Jorgrun closely misses you.
Unknown command.
Unknown command.
You slice Jorgrun!!
Jorgrun is heavily wounded.
Jorgrun hits you but does no damage.
Jorgrun points next to you and mumbles some strange words.
The wall shatters!
The blast of rock fragments hits you!!
You are too injured to fight recklessly!
Unknown command.
You are too injured to fight recklessly!
A red film seems to cover your vision as you go berserk!
You feel yourself moving faster!
You feel mighty! Jorgrun hits you but does no damage. Jorgrun shatters you!!
* * * LOW HITPOINT WARNING * * *
You miss Jorgrun. Your headbutt misses Jorgrun.
Jorgrun is heavily wounded.
You block Jorgrun's attack.
You slice Jorgrun!!
Jorgrun is severely wounded.
You closely miss Jorgrun. You headbutt Jorgrun.
Jorgrun is severely wounded.
Jorgrun hits you but does no damage.
You closely miss Jorgrun.
Jorgrun is severely wounded.
Jorgrun hits you with a staff of earth!
* * * LOW HITPOINT WARNING * * *
You barely miss Jorgrun.
Jorgrun is severely wounded.
Jorgrun hits you with a staff of earth.
* * * LOW HITPOINT WARNING * * *
Jorgrun shatters you!
You die...

.##.....#
.©#©.....#
#.#......# #
#.###....# # #.
#....# #.##...#
#u#...#
#.##...#########.#
# #.......@g.....#
.......########..##
....... ....###
###. #


You could see Jorgrun.

Vanquished Creatures
  2 centaur warriors
  Erolcha (D:12)
  5 two-headed ogres
  An ugly thing (D:12)
  An oklob plant (D:10)
  Joseph (D:9)
  A gargoyle (D:11)
  An unseen horror (D:11)
  2 trolls (D:10)
  Prince Ribbit (D:6)
  A hornet (D:8)
  Grinder (D:6)
  Sigmund (D:6)
  2 vampire mosquitoes (D:12)
  A steam dragon (D:6)
  22 yaks
  An acid dragon (D:12)
  2 water moccasins (D:9)
  6 black bears
  3 sky beasts
  2 orc warriors
  A necrophage (D:7)
  2 ice beasts
  3 ogres
  5 centaurs
  A phantom (D:6)
  Blork the orc (D:5)
  3 kobold brigands
  4 bullfrogs
  A wyvern zombie (D:8)
  4 gnoll sergeants
  2 scorpions
  4 killer bees
  7 wights
  3 howler monkeys (D:11)
  2 centaur zombies
  6 hounds
  A bullfrog skeleton (D:5)
  3 centaur skeletons
  3 gnoll shamans (D:6)
  4 orc priests
  A jelly (D:7)
  Jessica (D:2)
  2 iguanas
  Ijyb (D:4)
  6 orc wizards
  A killer bee zombie (D:8)
  A hound zombie (D:5)
  A hound skeleton (D:4)
  A howler monkey zombie (D:7)
  33 gnolls
  4 adders
  A white imp (D:7)
  An ufetubus (D:6)
  An adder zombie (D:5)
  A worm (D:2)
  2 dart slugs
  23 orcs
  5 bats
  4 endoplasms
  3 giant cockroaches
  6 goblins
  8 hobgoblins
  15 jackals
  4 quokkas
  6 ball pythons
  3 frilled lizards
  15 kobolds
  3 rats
271 creatures vanquished.

Vanquished Creatures (others)
  6 fungi (D:5)
  9 plants
  3 toadstools (D:5)
18 creatures vanquished.

Grand Total: 289 creatures vanquished

Notes
Turn   | Place    | Note
-------+----------+-------------------------------------------
     0 | D:1      | cbfl8 the Demonspawn Berserker began the quest for the Orb.
     0 | D:1      | Reached XP level 1. HP: 18/18 MP: 1/1
   286 | D:1      | Gained mutation: You sometimes gain a little power by
                  | taking damage. [demonic ancestry]
   286 | D:1      | Reached XP level 2. HP: 24/24 MP: 2/2
   339 | D:1      | Reached skill level 3 in Axes
   341 | D:1      | Found a faded altar of an unknown god.
   724 | D:2      | Reached skill level 1 in Evocations
   724 | D:2      | Reached XP level 3. HP: 18/29 MP: 3/3
   910 | D:2      | Gained mutation: You have a pair of small horns on your
                  | head. [demonic ancestry]
   910 | D:2      | Reached XP level 4. HP: 24/35 MP: 4/4
  1060 | D:2      | Reached ** piety under Trog
  1191 | D:2      | Noticed Jessica
  1206 | D:2      | Killed Jessica
  2197 | D:3      | Reached skill level 4 in Axes
  2197 | D:3      | Gained mutation: You may rarely emit foul miasma when
                  | damaged in melee. [demonic ancestry]
  2197 | D:3      | Reached XP level 5. HP: 26/42 MP: 5/5
  2429 | D:3      | Found Deras's Distillery.
  2435 | D:3      | Bought a potion of heal wounds for 60 gold pieces
  2825 | D:4      | Noticed Ijyb
  2829 | D:4      | Noticed a black bear
  2837 | D:4      | Killed Ijyb
  2843 | D:4      | Killed a black bear
  2844 | D:4      | Gained mutation: You sometimes gain power by taking damage.
                  | [demonic ancestry]
  2844 | D:4      | Reached XP level 6. HP: 44/48 MP: 6/6
  2952 | D:4      | Found a bloodstained altar of Trog.
  3035 | D:4      | Identified the +1 scale mail of Exclusion {Harm Rampage
                  | Dex+3}
  3219 | D:4      | Found a transporter.
  3220 | D:4      | Found a transporter.
  3305 | D:4      | Reached skill level 5 in Axes
  3581 | D:5      | Entered Level 5 of the Dungeon
  3598 | D:5      | Reached XP level 7. HP: 40/54 MP: 7/7
  4076 | D:5      | Reached skill level 6 in Axes
  4178 | D:5      | Noticed Blork the orc
  4192 | D:5      | Killed Blork the orc
  4193 | D:5      | Gained mutation: You sometimes emit foul miasma when
                  | damaged in melee. [demonic ancestry]
  4193 | D:5      | Reached XP level 8. HP: 35/61 MP: 8/8
  5210 | D:5      | Identified 3 scrolls of acquirement
  5210 | D:5      | Acquired the +2 pair of boots of Akeppud {+Blink rElec rC-
                  | Dex-5}
  5217 | D:5      | Acquired the amulet of Vanity {rPois Will++ Regen+ Str-3}
  5224 | D:5      | Acquired the ring "Safego" {Contam +Blink Will+++ Int+6
                  | Stlth-}
  5256 | D:6      | Reached *** piety under Trog
  5258 | D:6      | Found Jorunk's Antique Armour Shop.
  5294 | D:6      | Reached skill level 5 in Fighting
  5300 | D:6      | Reached skill level 5 in Armour
  5306 | D:6      | Reached skill level 7 in Axes
  5429 | D:6      | Noticed Sigmund
  5441 | D:6      | Killed Sigmund
  5442 | D:6      | Reached skill level 5 in Evocations
  5442 | D:6      | Reached XP level 9. HP: 50/68 MP: 9/9
  5475 | D:6      | Noticed Grinder
  5489 | D:6      | Killed Grinder
  5517 | D:6      | Reached skill level 8 in Axes
  5616 | D:6      | Cast into level 1 of the Abyss (gnoll sergeant)
  5618 | Abyss:1  | Noticed a freezing wraith
  5630 | D:6      | Escaped the Abyss
  6137 | D:6      | Found Niugih's Book Boutique.
  6278 | D:6      | Reached skill level 1 in Shields
  6288 | D:6      | Noticed Prince Ribbit
  6292 | D:6      | Reached **** piety under Trog
  6307 | D:6      | Killed Prince Ribbit
  6803 | D:7      | Found a staircase to the Ecumenical Temple.
  6887 | D:7      | Reached XP level 10. HP: 65/76 MP: 10/10
  7188 | D:7      | Found a shadowy altar of Dithmenos.
  7189 | D:7      | Found a hazy altar of Hepliaklqana.
  7450 | D:8      | Noticed a centaur warrior
  7455 | D:8      | Killed a centaur warrior
  7456 | D:8      | Reached skill level 9 in Axes
  7692 | D:8      | Found an iron altar of Okawaru.
  8406 | D:9      | Reached ***** piety under Trog
  8454 | D:9      | Noticed a two-headed ogre
  8464 | D:9      | Killed a two-headed ogre
  8608 | D:9      | Found a radiant altar of Vehumet.
  8764 | D:9      | Noticed Joseph
  8781 | D:9      | Killed Joseph
  9168 | D:9      | Reached skill level 10 in Axes
  9175 | D:9      | Reached skill level 5 in Shields
  9180 | D:9      | Reached XP level 11. HP: 83/83 MP: 11/11
  9259 | D:10     | Entered Level 10 of the Dungeon
  9322 | D:10     | Found a sacrificial altar of Ru.
  9369 | D:10     | Found Qarph's Book Shoppe.
  9552 | D:10     | Found a staircase to the Lair.
  9552 | D:10     | Noticed an oklob plant
  9556 | D:10     | Killed an oklob plant
  9699 | D:10     | Found a snail-covered altar of Cheibriados.
  9812 | D:11     | Noticed a two-headed ogre
  9816 | D:11     | Killed a two-headed ogre
  9956 | D:11     | Found Macwal's Armour Shoppe.
 10677 | D:12     | Noticed a red ugly thing
 10682 | D:12     | Killed a red ugly thing
 10683 | D:12     | Reached skill level 11 in Axes
 10704 | D:12     | Noticed a two-headed ogre
 10709 | D:12     | Killed a two-headed ogre
 10779 | D:12     | Noticed a two-headed ogre
 10785 | D:12     | Killed a two-headed ogre
 10852 | D:12     | Found Becad's Armour Shoppe.
 10899 | D:12     | Found a staircase to the Orcish Mines.
 10918 | D:12     | Noticed a two-headed ogre
 10925 | D:12     | Killed a two-headed ogre
 10925 | D:12     | Received a gift from Trog
 10926 | D:12     | Gained mutation: You are powered by pain. [demonic
                  | ancestry]
 10926 | D:12     | Reached XP level 12. HP: 64/92 MP: 12/12
 10964 | D:12     | Noticed Erolcha
 10966 | D:12     | Noticed a centaur warrior
 10972 | D:12     | Killed Erolcha
 10973 | D:12     | Killed a centaur warrior
 11027 | D:12     | Found a transporter.
 11029 | D:12     | Found a one-way gate to the infinite horrors of the Abyss.
 11029 | D:12     | Noticed cbfl8's ghost (journeyman MiBe)
 11031 | D:12     | Found a transporter.
 11044 | D:12     | Found the +8 demon trident "Rift" {distort, reach+}
 11056 | D:12     | Found Wiubazal's Weapon Shop.
 11303 | D:12     | Noticed a brown very ugly thing
 11303 | D:12     | Noticed a great orb of eyes
 11319 | D:12     | Noticed Jorgrun
 11331 | D:12     | Slain by Jorgrun

Illustrated notes

Levels and vault maps discovered:
D:1:      scummos_arrival_gate, layout_rooms,
          hellmonk_ecumenical_altar_arch_garden
D:2:      layout_loops_ring, kennysheep_generic_room_4, uniq_jessica
D:3:      layout_loops_corners, serial_shops, shop
D:4:      layout_loops_ring, mainiacjoe_overflow_six_doors_small,
          gammafunk_ghost_gnarly_gnolls, uniq_ijyb
D:5:      layout_basic, minmay_gold_behind_fungi, minmay_misc_feat_pillars,
          uniq_blork_the_orc
D:6:      layout_cave_pools, serial_shops, nicolae_shop_stone,
          serial_gnoll_camp, gnoll_camp_mini_hut, gnoll_camp_medium_01,
          gnoll_camp_mini_shop, gnoll_camp_mini_hut, gnoll_camp_huts_moat,
          uniq_grinder, uniq_prince_ribbit1, uniq_sigmund
D:7:      layout_loops_ring, riverfiend_overflow_shadow_ancestor, temple_pool_b,
          st_stairs_3, kennysheep_path_1
D:8:      layout_basic, mainiacjoe_overflow_24_doors, kennysheep_generic_room_13
D:9:      layout_loops_ring, mainiacjoe_overflow_tiny_flanked, uniq_joseph
D:10:     layout_roguey, nicolae_ru_great_annihilating_truth,
          lemuel_crystal_altar, dpeg_oklobed_lair, serial_shops,
          nicolae_shop_crystal, minmay_statues_item
D:11:     layout_loops_corners, serial_shops, nicolae_shop_hallway_stairs
D:12:     layout_cave_pods, orc_0_dummy, gammafunk_ghost_abyssal_escape,
          serial_shops, nicolae_shop_hallway_plus, nicolae_square_shop,
          uniq_erolcha, uniq_jorgrun

Skill      XL: |  1  2  3  4  5  6  7  8  9 10 11 12 |
---------------+-------------------------------------+-----
Axes           | 3 4 5 6 7 8 10 11 | 11.6
Armour         | 2 3 4 5 6 7 |  7.8
Evocations     | 1 2 3 5 6 7 8 |  8.6
Fighting       | 4 5 6 7 8 |  8.0
Shields        | 2 5 6 |  6.7
Dodging        | |  1.7

Action                   |  1- 3 |  4- 6 |  7- 9 | 10-12 || total
-------------------------+-------+-------+-------+-------++-------
Melee: Hand axe          |    65 |   138 |   259 |       ||   462
       Punch             |     1 |     2 |     1 |       ||     4
       Headbutt          |       |    36 |    60 |    73 ||   169
       Broad axe         |       |       |    18 |   285 ||   303
Invok: Berserk           |       |     1 |     1 |     2 ||     4
       Trog's Hand       |       |       |     4 |       ||     4
Evoke: Wand              |       |       |     4 |       ||     4
  Use: Scroll            |     2 |     6 |     5 |    14 ||    27
       Potion            |       |       |     4 |       ||     4
 Stab: Distracted        |       |       |       |     1 ||     1
       Paralysed         |       |       |       |     1 ||     1
Armor: Animal skin       |     7 |       |       |       ||     7
       Chain mail        |    39 |    94 |   239 |   150 ||   522
Dodge: Dodged            |    51 |    69 |   114 |    71 ||   305
Block: Kite shield       |       |       |    80 |   151 ||   231
